 Dungeon Crawl Stone Soup version 0.30-a0-883-g5ad918d77d (webtiles) character file.

Game seed: 4091723899334337706

312 Kenran the Insei (level 6, -1/47 HPs)
             Began as a Vampire Gladiator on Mar 17, 2023.
             Slain by Crazy Yiuf
             ... wielding a +3 quarterstaff of chaos
              (8 damage)
             ... on level 2 of the Dungeon.
             The game lasted 00:04:24 (1476 turns).

Kenran the Insei (Vampire Gladiator)                Turns: 1476, Time: 00:04:24

Health: -1/47      AC:  4    Str: 15    XL:     6   Next: 18%
Magic:  6/6        EV: 17    Int: 11    God:
Gold:   103        SH:  0    Dex: 15    Spells: 5/5 levels left

rFire   . . .      SeeInvis +      - Unarmed
rCold   . . .      Faith    .    (no shield)
rNeg    . . .      Spirit   .    a - +0 leather armour
rPois   .          Reflect  .    b - +0 helmet
rElec   .          Rampage  .    (no cloak)
rCorr   +                        (no gloves)
Will    .....                    (no boots)
Stlth   +                        (no amulet)
HPRegen 0.47/turn                o - ring of resist corrosion
MPRegen 0.10/turn                (no ring)

@: agile, healing quickly
A: alive, fangs 3, see invisible, vampiric 2
a: Exsanguinate


You were on level 2 of the Dungeon.
You visited 1 branch of the dungeon, and saw 2 of its levels.

You collected 103 gold pieces.

Inventory:

Missiles
 c - 2 throwing nets (quivered)
 d - a javelin
 p - 5 poisoned darts
Armour
 a - a +0 leather armour (worn)
 b - a +0 helmet (worn)
Jewellery
 o - a ring of resist corrosion (left hand)
Scrolls
 e - a scroll of immolation {unknown}
 f - a scroll of torment {unknown}
 i - 3 scrolls of identify {unknown}
 j - a scroll of magic mapping {unknown}
 k - a scroll of poison {unknown}
 l - a scroll of fear {unknown}
 m - a scroll of vulnerability {unknown}
 n - a scroll of enchant armour {unknown}
 s - a scroll of enchant weapon {unknown}
Potions
 g - 2 potions of curing {unknown}
 h - a potion of mutation {unknown}
 q - a potion of might {unknown}
 r - a potion of berserk rage {unknown}


   Skills:
 + Level 3.1 Fighting
 + Level 1.6 Throwing
 - Level 3.2 Dodging
 - Level 7.0 Unarmed Combat


You had 5 spell levels left.
You didn't know any spells.
Your spell library contained the following spells:

 Spells                   Type           Power      Damage    Failure   Level
 Portal Projectile        Hex/Tloc       0%         N/A       78%         3
 Tukima's Dance           Hex            0%         N/A       78%         3
 Blade Hands              Tmut           0%         N/A       100%        5


Dungeon Overview and Level Annotations

Branches:
Dungeon (2/15)

Altars:

Annotations:
D:2 Crazy Yiuf


Innate Abilities, Weirdness & Mutations

Your natural rate of healing is accelerated.
You have razor-sharp teeth.
You have supernaturally acute eyesight. (SInv)
You are afflicted with vampirism and can become a bat while bloodless.


Message History

No target in view!
No target in view!
Things that are here:
a ball python corpse; a ball python corpse You see here an adder corpse.
You see here an adder corpse.
Items here: ) [ ††.
You see here a bat skeleton.
You see here the felid skeleton of Natasha.
Crazy Yiuf shouts!
Crazy Yiuf says, "Iron!"
No reachable target in view!
You open the door. You hit Crazy Yiuf.
Crazy Yiuf is lightly wounded.
Crazy Yiuf barely misses you.
You barely miss Crazy Yiuf.
Crazy Yiuf is lightly wounded.
Crazy Yiuf misses you.
You closely miss Crazy Yiuf.
Crazy Yiuf is lightly wounded.
You closely miss Crazy Yiuf.
Crazy Yiuf is lightly wounded.
Crazy Yiuf hits you with a +3 quarterstaff of chaos!
You feel agile all of a sudden.
You hit Crazy Yiuf.
Crazy Yiuf is moderately wounded.
Crazy Yiuf laughs, "Shower sing ragdoll!"
Crazy Yiuf barely misses you.
You hit Crazy Yiuf.
Crazy Yiuf is heavily wounded.
Crazy Yiuf hits you with a +3 quarterstaff of chaos!
Space warps horribly around you!!
* * * LOW HITPOINT WARNING * * *
You are too injured to fight recklessly!
You are too injured to fight recklessly!
You barely miss Crazy Yiuf.
Crazy Yiuf is heavily wounded.
Crazy Yiuf hits you with a +3 quarterstaff of chaos!
You die...

##..####..######
# #....#
#.......# #
#.#..# #.#####.#
##...#
#.#####.## ##.##
#.##.....# ##.#
#........# #.##
#.##.#...# ##.#
#........###
#@##
#....#.#.##. #g#
#.####.#.... ...
#......####.
#...# ########
##. #)..# #...#
##.# #####
#...### #.##
#.....# #.##
#########
###...#.# #...
#..#.#..#
#.....#.# ##..


You could see Crazy Yiuf.

Vanquished Creatures
  Sigmund (D:2)
  Terence (D:2)
  Natasha (twice) (D:2)
  3 adders (D:2)
  A worm (D:2)
  2 dart slugs (D:1)
  6 ball pythons
  3 endoplasms
  A giant cockroach (D:1)
  4 goblins
  6 hobgoblins
  3 jackals (D:2)
  2 kobolds (D:1)
  A quokka (D:1)
  4 bats
  3 frilled lizards
  3 rats (D:1)
46 creatures vanquished.

Notes
Turn   | Place    | Note
-------+----------+-------------------------------------------
     0 | D:1      | Kenran the Vampire Gladiator began the quest for the Orb.
     0 | D:1      | Reached XP level 1. HP: 16/16 MP: 1/1
    66 | D:1      | Reached skill level 4 in Unarmed Combat
    66 | D:1      | Reached XP level 2. HP: 22/22 MP: 2/2
   587 | D:1      | Gained mutation: You are afflicted with vampirism and can
                  | become a bat while bloodless. [Vampire growth]
   587 | D:1      | Reached XP level 3. HP: 27/27 MP: 3/3
   855 | D:2      | Noticed Natasha
   889 | D:2      | Killed Natasha
   890 | D:2      | Reached skill level 5 in Unarmed Combat
   890 | D:2      | Reached XP level 4. HP: 28/34 MP: 4/4
   898 | D:2      | Noticed Sigmund
   915 | D:2      | Killed Sigmund
   916 | D:2      | Reached skill level 6 in Unarmed Combat
   916 | D:2      | Reached XP level 5. HP: 17/41 MP: 5/5
  1112 | D:2      | Noticed Natasha
  1117 | D:2      | Killed Natasha
  1144 | D:2      | Found a runed translucent door.
  1145 | D:2      | Noticed Crazy Yiuf
  1186 | D:2      | Reached XP level 6. HP: 47/47 MP: 6/6
  1254 | D:2      | Noticed Terence
  1264 | D:2      | Killed Terence
  1265 | D:2      | Reached skill level 7 in Unarmed Combat
  1476 | D:2      | Slain by Crazy Yiuf

Illustrated notes

Levels and vault maps discovered:
D:1:      onia_arrival_pentagram, layout_basic
D:2:      layout_loops_cross, uniq_terence, uniq_sigmund,
          uniq_crazy_yiuf_cottage, uniq_natasha

Skill      XL: |  1  2  3  4  5  6 |
---------------+-------------------+-----
Unarmed Combat | 4 5 6 7 |  7.0
Fighting       | 2 3 |  3.1
Throwing       | |  1.6
Dodging        | |  3.2

Action                     |  1- 3 |  4- 6 || total
---------------------------+-------+-------++-------
  Melee: Unarmed           |    76 |    56 ||   132
         Punch             |     3 |     1 ||     4
         Bite              |     3 |     4 ||     7
  Throw: Dart              |       |     1 ||     1
         Throwing net      |       |     1 ||     1
   Stab: Sleeping          |     1 |     1 ||     2
         Held in net/web   |       |     1 ||     1
 Armour: Leather armour    |    17 |     7 ||    24
  Dodge: Dodged            |    54 |    26 ||    80

Table legend: (Time is in decaauts)
 A = Elapsed time spent in this place.
 B = Non-inter-level travel time spent in this place.
 C = Inter-level travel time spent in this place.
 D = Time resting spent in this place.
 E = Time spent auto-exploring this place.
 F = Levels seen in this place.
 G = Mean time per level.
                   A        B        C        D        E       F      G
               +--------+--------+--------+--------+--------+-----+--------+
         Total |   1469 |   1452 |     17 |     56 |    844 |   2 |  734.5 |
       Dungeon |   1469 |   1452 |     17 |     56 |    844 |   2 |  734.5 |
               +--------+--------+--------+--------+--------+-----+--------+

Top non-repeatable levels by time:
     D:2: 795 daAuts
     D:1: 673 daAuts
